 Dungeon Crawl Stone Soup version 0.26.0-20-g3ca415f5b8 (webtiles) character file.

Game seed: 16453091221004763213

70 Gauvater the Firebug (level 4, 0/27 HPs)
             Began as an Octopode Fire Elementalist on Jan 24, 2021.
             Slain by an adder (1 damage)
             ... on level 2 of the Dungeon.
             The game lasted 00:06:50 (2125 turns).

Gauvater the Firebug (Octopode Fire Elementalist)   Turns: 2125, Time: 00:06:50

Health: 0/27       AC:  1    Str:  7    XL:     4   Next: 22%
Magic:  6/7        EV: 13    Int: 18    God:
Gold:   122        SH:  0    Dex: 12    Spells: 7/8 levels left

rFire    . . .     SeeInvis .   (no weapon)
rCold    . . .     Faith    .   (no shield)
rNeg     . . .     Spirit   .   (helmet restricted)
rPois    .         Reflect  .   h - amulet of inaccuracy (curse)
rElec    .         Harm     .   (no ring)
rCorr    .         Rampage  .   (no ring)
Will     .....                  (no ring)
Stlth    +++.......             (no ring)
HPRegen  0.09/turn              (no ring)
MPRegen  0.10/turn              (no ring)
                                (no ring)
                                (no ring)

@: lethally poisoned (0 -> -3), very slightly contaminated, invisible
A: almost no armour, stealthy swim, amphibious, 8 rings, constrict 8, camouflage
1, gelatinous body 1
a: no special abilities


You were on level 2 of the Dungeon.
You visited 1 branch of the dungeon, and saw 2 of its levels.

You collected 122 gold pieces.

Inventory:

Missiles
 a - 8 poisoned darts
 e - 52 arrows
Jewellery
 h - a cursed amulet of inaccuracy (around mantle)
Scrolls
 f - a scroll of teleportation
Potions
 g - a potion of brilliance {unknown}


   Skills:
 + Level 0.1 Fighting
 + Level 2.1 Dodging
 + Level 2.7 Stealth
 + Level 2.6 Spellcasting
 + Level 1.5 Conjurations
 + Level 4.1 Fire Magic


You had 7 spell levels left.
You knew the following spells:

 Your Spells              Type           Power        Failure   Level
a - Foxfire               Conj/Fire      48%          5%          1

Your spell library contained the following spells:

 Spells                   Type           Power        Failure   Level
 Conjure Flame            Conj/Fire      12%          16%         3
 Inner Flame              Hex/Fire       9%           22%         3
 Sticky Flame             Conj/Fire      12%          45%         4
 Fireball                 Conj/Fire      6%           82%         5


Dungeon Overview and Level Annotations

Branches:
Dungeon (2/15)

Altars:
Fedhas


Innate Abilities, Weirdness & Mutations

You cannot wear most types of armour.
You are very stealthy in the water. (Stealth+)
You are amphibious.
You can wear up to eight rings at the same time.
You can use your tentacles to constrict eight enemies at once.
Your skin changes colour to match your surroundings (Stealth+).
Your rubbery body absorbs attacks. (AC +1, EV +1)


Message History

The hobgoblin is severely wounded.
Found a scroll of identify.
It was a potion of magic.
Magic courses through your body. The hobgoblin barely misses you.
Casting: Foxfire (safe; 5% risk of failure)
Confirm with . or Enter, or press ? or * to list all spells.
You conjure some foxfire!
The rat bites you.
* * * LOW HITPOINT WARNING * * *
The foxfire hits the adder.
The adder is moderately wounded.
The hobgoblin closely misses you.
It was a potion of invisibility.
You fade into invisibility!
The rat closely misses you. The hobgoblin hits you with a +0 whip.
* * * LOW HITPOINT WARNING * * *
You are very lightly contaminated with residual magic.
Your foxfire dissipates!
* * * LOW HITPOINT WARNING * * *
You feel sick. The adder bites you.
You die...

### ..# #.#
###########.#
#.........#.#
####.........#.########
K...........'gS@.....#
#..........#r###....?)
# #..........#.# .....
# #.........#.# .... #
#.........#'# ...
#######.##....... ..
##.....(##......≈≈ .
##.#######.....≈≈. ##.#
#.$...≈≈_


You could see an adder, a hobgoblin and a rat.

Vanquished Creatures
  A gnoll (D:1)
  An adder (D:2)
  2 oozes
  A worm (D:2)
  A dart slug (D:2)
  3 leopard geckos
  3 bats
  3 giant cockroaches
  4 goblins
  2 hobgoblins (D:1)
  3 jackals (D:1)
  4 kobolds (D:1)
  A quokka (D:2)
  A ball python (D:2)
  3 frilled lizards
  2 rats
35 creatures vanquished.

Vanquished Creatures (others)
  109 foxfires
109 creatures vanquished.

Grand Total: 144 creatures vanquished

Notes
Turn   | Place    | Note
-------+----------+-------------------------------------------
     0 | D:1      | Gauvater the Octopode Fire Elementalist began the quest for
                  | the Orb.
     0 | D:1      | Reached XP level 1. HP: 11/11 MP: 3/3
   228 | D:1      | Reached XP level 2. HP: 17/17 MP: 0/5
   661 | D:1      | Reached XP level 3. HP: 15/21 MP: 1/6
  1727 | D:2      | Found a blossoming altar of Fedhas.
  1891 | D:2      | Reached skill level 4 in Fire Magic
  1891 | D:2      | Reached XP level 4. HP: 27/27 MP: 4/7
  2112 | D:2      | Found a blossoming altar of Fedhas.
  2125 | D:2      | HP: 1/27 [poisoned by an adder]
  2125 | D:2      | Slain by an adder

Illustrated notes

Levels and vault maps discovered:
D:1:      minmay_arrival_wavy_path, layout_basic, minmay_heptomino_d4
D:2:      layout_basic, general_overflow_altar, kennysheep_cross_room,
          fedhas_altar_2

Skill      XL: |  1  2  3 |
---------------+----------+-----
Fire Magic     | 4 |  4.1
Fighting       | |  0.1
Dodging        | |  2.1
Stealth        | |  2.7
Spellcasting   | |  2.6
Conjurations   | |  1.5

Action                   |  1- 3 |  4- 6 || total
-------------------------+-------+-------++-------
Melee: Unarmed           |     4 |     1 ||     5
       Constrict         |     2 |     1 ||     3
 Cast: Foxfire           |    45 |    22 ||    67
  Use: Scroll            |     2 |       ||     2
       Potion            |       |     2 ||     2
Armor: Skin              |    10 |     2 ||    12
Dodge: Dodged            |    39 |    16 ||    55
